 Dungeon Crawl Stone Soup version 0.32-a0-673-g3729bd50f8 (webtiles) character file.

Game seed: 14119736238955843588

19 ASSMAN the Ruffian (level 2, 0/36 HPs)
             Began as a Demonspawn Berserker on Mar 10, 2024.
             Was a Follower of Trog.
             Succumbed to an adder's poison
             ... on level 2 of the Dungeon.
             The game lasted 00:00:34 (760 turns).

ASSMAN the Ruffian (Demonspawn Berserker)            Turns: 760, Time: 00:00:35

Health: 0/36       AC:  2    Str: 17    XL:     2   Next: 55%
Magic:  2/2        EV: 12    Int:  7    God:    Trog [*.....]
Gold:   61         SH:  0    Dex: 12    Spells: 1/1 levels left

rFire   . .          .
                       - Unarmed
rCold   . . .        (no shield)
rNeg    . . .        a - +0 animal skin
rPois   .            (no helmet)
rElec   .            (no cloak)
rCorr   .            (no gloves)
SInv    .            (no boots)
Will    .....        (no amulet) Stlth
                     (no ring)
HPRegen 0.26/turn    (no ring)
MPRegen 0.08/turn

%: no passive effects
@: berserking (expiring), lethally poisoned (0 -> -9), very quick
A: powered by death 1
a: Renounce Religion, Berserk


You were on level 2 of the Dungeon.
You worshipped Trog.
Trog was aware of your devotion.
You visited 1 branch of the dungeon, and saw 2 of its levels.

You collected 61 gold pieces.

Inventory:

Armour
 a - a +0 animal skin (worn)
Jewellery
 g - an amulet of faith
Scrolls
 c - 3 scrolls of identify {unknown}
 d - a scroll of noise {unknown}
 h - 2 scrolls of fear {unknown}
Potions
 b - 2 potions of curing {unknown}
 e - a potion of magic {unknown}
 f - a potion of might {unknown}


   Skills:
 - Level 3.0 Fighting
 - Level 1.7 Armour
 - Level 1.7 Dodging
 + Level 3.6 Unarmed Combat


You had one spell level left.
You didn't know any spells.
Your spell library was empty.

Dungeon Overview and Level Annotations

Branches:
Dungeon (2/15)

Altars:


Innate Abilities, Weirdness & Mutations

You regenerate a little health from kills.


Message History

An adder is nearby!
The adder barely misses you.
You completely miss the adder. The adder misses you.
You barely miss the adder. The adder closely misses you.
You miss the adder. The adder bites you. The adder barely misses you.
You hit the adder but do no damage. The adder bites you.
You are poisoned.
The adder poisons you!
You miss the adder.
You feel sick. The adder bites you.
You are more poisoned.
The adder poisons you!
You miss the adder.
You feel sick. The adder bites you.
You fail to use your ability.
You feel sick. The adder completely misses you.
You barely miss the adder.
You feel sick. The adder misses you. The adder bites you.
* * * LOW HITPOINT WARNING * * *
A red film seems to cover your vision as you go berserk!
You feel yourself moving faster!
You feel mighty!
You feel sick. The adder bites you but does no damage.
You hit the adder.
The adder is heavily wounded.
The adder bites you.
* * * LOW HITPOINT WARNING * * *
You hit the adder.
The adder is almost dead.
You feel sick. The adder bites you.
* * * LOW HITPOINT WARNING * * *
You are lethally poisoned!
The adder poisons you!
You barely miss the adder.
The adder is almost dead.
* * * LOW HITPOINT WARNING * * *
You feel sick. The adder bites you.
* * * LOW HITPOINT WARNING * * *
You are more poisoned.
The adder poisons you!
You hit the adder.
You kill the adder!
Trog accepts your kill.
You die...

#.#. .# #.#. # . #.#.
.### #. . #.#. ... .# .
#... #.. .# .# ###.
#..#####.##.# #.
#.##......†....##. #.
#.....!@.......... #.
#..#.#.###........ #.
.........###### #.
#.#.###.############.
.....###.#..........<.
.##.........###########
# #######.### #.# #.#


There were no monsters in sight!

Vanquished Creatures
  2 adders (D:2)
  A dart slug (D:1)
  2 quokkas
  2 bats (D:1)
  3 goblins (D:1)
  A kobold (D:1)
11 creatures vanquished.

Notes
Turn   | Place    | Note
-------+----------+-------------------------------------------
     0 | D:1      | ASSMAN the Demonspawn Berserker began the quest for the
                  | Orb.
     0 | D:1      | Reached XP level 1. HP: 18/18 MP: 1/1
   218 | D:1      | Gained mutation: You regenerate a little health from kills.
                  | [demonic ancestry]
   218 | D:1      | Reached XP level 2. HP: 21/24 MP: 2/2
   760 | D:2      | Succumbed to an adder's poison

Illustrated notes

Levels and vault maps discovered:
D:1:      lightli_arrival_flooded_house, layout_basic, nrook_uturn
D:2:      layout_loops_ring, uniq_crazy_yiuf_cottage, uniq_sigmund

Skill      XL: |  1 |
---------------+----+-----
Unarmed Combat | 3 |  3.6
Fighting       | |  3.0
Armour         | |  1.7
Dodging        | |  1.7

Action                     || total
---------------------------++-------
  Melee: Unarmed           ||    46
 Invoke: Berserk           ||     2
 Armour: Animal skin       ||    37
  Dodge: Dodged            ||    32

Table legend: (Time is in decaauts)
 A = Elapsed time spent in this place.
 B = Non-inter-level travel time spent in this place.
 C = Inter-level travel time spent in this place.
 D = Time resting spent in this place.
 E = Time spent auto-exploring this place.
 F = Levels seen in this place.
 G = Mean time per level.
                   A        B        C        D        E       F      G
               +--------+--------+--------+--------+--------+-----+--------+
         Total |    766 |    741 |     25 |      0 |    648 |   2 |  383.0 |
       Dungeon |    766 |    741 |     25 |      0 |    648 |   2 |  383.0 |
               +--------+--------+--------+--------+--------+-----+--------+

Top non-repeatable levels by time:
     D:1: 555 daAuts
     D:2: 210 daAuts
